 Dungeon Crawl Stone Soup version 0.31-a0-1589-g8f5e8aebd6 (webtiles) character file.

Game seed: 12747081134756889972

7063 browni3141 the Grappler (level 11, -3/86 HPs)
             Began as a Formicid Shapeshifter on Jan 5, 2024.
             Slain by a merfolk
             ... wielding a +0 trident
              (14 damage)
             ... on level 8 of the Dungeon.
             The game lasted 00:15:57 (8784 turns).

browni3141 the Grappler (Formicid Shapeshifter)     Turns: 8784, Time: 00:15:57

Health: -3/86      AC:  6    Str: 25    XL:     11   Next: 30%
Magic:  11/11      EV: 11    Int: 10    God:
Gold:   186        SH:  0    Dex: 17    Spells: 10/10 levels left

rFire   . . .        u - +10 hand axe of the Endless March {vamp, rC++ SInv}
rCold   + + .        (no shield)
rNeg    . . .        s - +0 ring mail
rPois   .            (helmet unavailable)
rElec   .            (cloak currently unavailable)
rCorr   .            (gloves currently unavailable)
SInv    +            (boots currently unavailable)
Will    +....        (no amulet)
Stlth   +            D - +4 ring of slaying
HPRegen 0.34/turn    v - +6 ring of strength
MPRegen 0.12/turn

%: no passive effects
@: mighty, beast-form, invisible
A: beast (slay +4), permanent stasis, dig shafts and tunnels, antennae 3, four
strong arms
a: Dig, Shaft Self, Begin Untransformation


You were on level 8 of the Dungeon.
You were a hulking beast.
You visited 2 branches of the dungeon, and saw 9 of its levels.
You also visited: Ossuary.

You collected 354 gold pieces.
You spent 168 gold pieces at shops.

Inventory:

Hand Weapons
 u - the +10 hand axe of the Endless March (weapon) {vamp, rC++ SInv}
   (You found it on level 4 of the Dungeon)

   rC++:      It greatly protects you from cold.
   SInv:      It lets you see invisible.
Missiles
 x - 7 curare-tipped darts
 L - 4 throwing nets
Armour
 a - a +0 animal skin
 g - a +0 leather armour
 m - a +0 pair of gloves
 s - a +0 ring mail (worn)
 O - a +0 pair of boots of stealth
Jewellery
 f - a ring of willpower
 t - an amulet of magic regeneration
 v - a +6 ring of strength (right hand)
 z - an amulet of faith
 C - a ring of poison resistance
 D - a +4 ring of slaying (left hand)
Talismans
 c - a beast talisman (active)
 d - a flux talisman
 A - a maw talisman
Wands
 F - a wand of flame (50)
 I - a wand of roots (16)
 Q - a wand of acid (4)
Scrolls
 b - a scroll of fear
 e - 2 scrolls of fog
 j - 2 scrolls of butterflies
 k - 2 scrolls of teleportation
 l - a scroll of amnesia {unknown}
 r - a scroll of vulnerability {unknown}
 y - a scroll of revelation {unknown}
 B - a scroll of enchant weapon {unknown}
 E - a scroll of poison {unknown}
 G - a scroll of blinking {unknown}
 H - a scroll of brand weapon {unknown}
 K - 3 scrolls of torment {unknown}
 P - a scroll of immolation
 R - a scroll of silence {unknown}
Potions
 h - a potion of haste
 i - 2 potions of might
 n - 2 potions of enlightenment
 o - 2 potions of resistance
 q - 3 potions of attraction
 w - a potion of mutation
 J - a potion of cancellation
 M - a potion of curing


   Skills:
 + Level 7.8 Fighting
 - Level 5.0 Armour
 - Level 2.0 Dodging
 * Level 10.4 Unarmed Combat
 - Level 5.0 Evocations
 - Level 10.0 Shapeshifting


You had 10 spell levels left.
You didn't know any spells.
Your spell library contained the following spells:

 Spells                   Type           Power      Damage    Failure   Level
 Slow                     Hex            0%         N/A       50%         1
 Confusing Touch          Hex            0%         N/A       86%         3
 Sigil of Binding         Hex            0%         N/A       86%         3
 Vampiric Draining        Necr           0%         2d6       86%         3


Dungeon Overview and Level Annotations

Branches:
Dungeon (8/15)             Temple (1/1) D:5         Ossuary (visited)
   Lair: D:8-11

Altars:
Ashenzari
Cheibriados
Dithmenos
Elyvilon
Fedhas
Hepliaklqana
Kikubaaqudgha
Makhleb
Nemelex Xobeh
Okawaru
Qazlal
Sif Muna
Trog
Uskayaw
Vehumet
Xom
Yredelemnul
Zin
The Shining One

Shops:
D:7 ?

Annotations:
D:4 1 runed translucent door, Crazy Yiuf


Innate Abilities, Weirdness & Mutations

You are a hulking beast.
Your limbs bulge with bestial killing power. (Slay +4)
You cannot be hasted, slowed, berserked, paralysed or teleported.
You can dig through walls and to a lower floor.
You have a pair of large antennae on your head. (SInv)
Your four strong arms can wield two-handed weapons with a shield.


Message History

The shadow imp disappears in a puff of smoke!
The iron imp disappears in a puff of smoke!
Things that are here:
a +0 dagger; a +0 robe; a kobold corpse
Found a stone staircase leading down.
Found a stone staircase leading up.
There is an open door here.
There is an open door here.
There is a stone staircase leading down here.
You sense a monster nearby.
A merfolk comes into view. It is wielding a +0 trident.
The merfolk shouts!
A merfolk is nearby!
The merfolk hits you from afar with a +0 trident!
The merfolk hits you with a +0 trident!
You hit the merfolk.
You feel better.
Your punch misses the merfolk.
The merfolk is lightly wounded.
The merfolk hits you with a +0 trident.
You hit the merfolk.
You feel better.
The merfolk is lightly wounded.
The merfolk hits you with a +0 trident.
You barely miss the merfolk.
The merfolk is lightly wounded.
The merfolk hits you with a +0 trident!
You slash the merfolk!
The merfolk is moderately wounded.
The merfolk hits you with a +0 trident!!
The merfolk barely misses you.
You are too injured to fight recklessly!
You are too injured to fight recklessly!
You closely miss the merfolk.
The merfolk is moderately wounded.
The merfolk closely misses you.
You feel very mighty all of a sudden. The merfolk hits you with a +0 trident!
* * * LOW HITPOINT WARNING * * *
Unknown command.
You fade into invisibility!
The merfolk hits you with a +0 trident!
You die...

## . .. #.. #. ### #
#...##. #####.## ###
......m##......#######..
.....§.h..#.....>.......
......§#####...######...
#...#~§ ##.## #..#.
#..~~≈# ≈≈#.# ##.... .
~≈≈#### ≈≈≈.# #.....
#~≈####_## #≈~# #...#.
≈≈# ##...####≈≈## #.....
≈≈ #.....# #≈~<####....
###...####≈≈..###.#..


You could see a merfolk (unable to see you).

Vanquished Creatures
  Pikel (D:7)
  Maggie (D:7)
  A kobold demonologist (D:8)
  Psyche (D:8)
  Prince Ribbit (D:7)
  6 yaks (D:8)
  A steam dragon (D:8)
  2 water moccasins (D:6)
  An acid dragon (D:5)
  Duvessa (D:7)
  5 orc warriors
  3 ice beasts
  2 black bears
  8 ogres
  5 centaurs
  3 kobold brigands
  An elf zombie (Ossuary)
  A bullfrog (D:7)
  A gnoll sergeant (D:8)
  2 scorpions
  3 wights (D:6)
  Dowan (D:7)
  A crimson imp (D:6)
  2 centaur zombies (Ossuary)
  3 jellies
  4 hounds
  6 orc priests
  2 human zombies (Ossuary)
  3 gnoll boudas (D:8)
  A sleepcap (D:6)
  2 iguanas
  6 orc wizards
  6 hound zombies (Ossuary)
  2 mummies (Ossuary)
  29 gnolls
  6 adders
  A white imp (D:6)
  2 ufetubi (D:7)
  6 adder zombies (Ossuary)
  4 dart slugs
  2 ribbon worms (D:2)
  29 orcs
  6 endoplasms
  4 giant cockroaches
  4 gnoll zombies (Ossuary)
  12 goblins
  7 hobgoblins
  6 jackals
  4 quokkas
  11 ball pythons
  5 bats
  2 frilled lizards (D:1)
  4 jackal zombies (Ossuary)
  32 kobolds
  5 kobold zombies (Ossuary)
  7 orc zombies (Ossuary)
  6 rats
283 creatures vanquished.

Notes
Turn   | Place    | Note
-------+----------+-------------------------------------------
     0 | D:1      | browni3141 the Formicid Shapeshifter began the quest for
                  | the Orb.
     0 | D:1      | Reached XP level 1. HP: 15/15 MP: 1/1
    59 | D:1      | Found a faded altar of an unknown god.
    69 | D:1      | Reached XP level 2. HP: 18/21 MP: 2/2
   331 | D:1      | Reached XP level 3. HP: 24/27 MP: 3/3
   925 | D:2      | Reached XP level 4. HP: 33/33 MP: 4/4
  1146 | D:2      | Found a shimmering blue altar of Sif Muna.
  2251 | D:3      | Reached XP level 5. HP: 36/39 MP: 5/5
  2475 | D:3      | Found a shimmering altar of Xom.
  2689 | D:2      | Reached XP level 6. HP: 43/46 MP: 6/6
  2884 | D:4      | Identified the +10 hand axe of the Endless March {vamp,
                  | rC++ SInv}
  2924 | D:4      | Reached skill level 5 in Unarmed Combat
  2937 | D:4      | Reached skill level 5 in Shapeshifting
  2946 | D:4      | Reached XP level 7. HP: 30/52 MP: 7/7
  3251 | D:4      | Found a runed translucent door.
  3252 | D:4      | Noticed Crazy Yiuf
  3509 | D:5      | Entered Level 5 of the Dungeon
  3517 | D:5      | Reached skill level 1 in Armour
  3588 | D:5      | Noticed an acid dragon
  3595 | D:5      | Killed an acid dragon
  4014 | D:5      | Reached XP level 8. HP: 59/60 MP: 8/8
  4029 | D:5      | Found a staircase to the Ecumenical Temple.
  4044 | Temple   | Entered the Ecumenical Temple
  4462 | D:6      | Found an iron altar of Okawaru.
  4478 | D:6      | Found a hide-covered altar of Uskayaw.
  4478 | D:6      | Noticed a +0 falchion
  4478 | D:6      | Noticed a +0 short sword
  4479 | D:6      | Noticed a +0 dagger
  4479 | D:6      | Noticed a +0 dagger
  4480 | D:6      | Noticed a +0 spear
  4480 | D:6      | Noticed a +0 falchion
  4482 | D:6      | Noticed a +0 short sword
  4482 | D:6      | Noticed a +0 spear
  4534 | D:6      | Found a sand-covered staircase.
  4543 | Ossuary  | Entered an ossuary
  4603 | Ossuary  | Reached XP level 9. HP: 46/67 MP: 9/9
  4612 | Ossuary  | Reached skill level 5 in Fighting
  5068 | D:6      | Reached skill level 1 in Evocations
  5380 | D:6      | Found a blossoming altar of Fedhas.
  5380 | D:6      | Found a shimmering blue altar of Sif Muna.
  5380 | D:6      | Found a basalt altar of Yredelemnul.
  5380 | D:6      | Found a radiant altar of Vehumet.
  5607 | D:6      | Found a bloodstained altar of Trog.
  6034 | D:7      | Reached skill level 5 in Armour
  6206 | D:7      | Noticed Maggie
  6228 | D:7      | Killed Maggie
  6229 | D:7      | Reached XP level 10. HP: 48/76 MP: 10/10
  6320 | D:7      | Noticed Duvessa
  6322 | D:7      | Noticed Dowan
  6327 | D:7      | Killed Duvessa
  6343 | D:7      | Killed Dowan
  6383 | D:7      | Found Luggaf's Magic Scroll Emporium.
  6391 | D:7      | Bought a scroll of fear for 48 gold pieces
  6391 | D:7      | Bought a scroll of identify for 24 gold pieces
  6391 | D:7      | Bought a scroll of immolation for 48 gold pieces
  6392 | D:7      | Bought a scroll of fog for 48 gold pieces
  6543 | D:7      | Noticed Pikel
  6551 | D:7      | Noticed Prince Ribbit
  6554 | D:7      | Killed Pikel
  6555 | D:7      | Reached skill level 5 in Evocations
  6564 | D:7      | Killed Prince Ribbit
  6824 | D:8      | Found a snail-covered altar of Cheibriados.
  6886 | D:8      | Noticed Psyche
  6889 | D:8      | Killed Psyche
  7026 | D:8      | Identified the +5 flail of the Morning {chaos, Dex+5}
  7251 | D:8      | Found a stormy altar of Qazlal.
  8045 | D:8      | Reached XP level 11. HP: 50/84 MP: 11/11
  8471 | D:8      | Found a radiant altar of Vehumet.
  8524 | D:8      | Reached skill level 10 in Unarmed Combat
  8525 | D:8      | Reached skill level 10 in Shapeshifting
  8784 | D:8      | Slain by a merfolk

Illustrated notes

Levels and vault maps discovered:
D:1:      tarquinn_simple_flora_water_d, layout_loops_ring,
          basic_ecumenical_altar
D:2:      layout_rooms, basic_altar
D:3:      minmay_wonky_spiral, layout_basic, mainiacjoe_overflow_tiny_flanked
D:4:      layout_basic, minmay_fractal_squares_diagonal_5,
          uniq_crazy_yiuf_cottage
D:5:      layout_basic, minmay_temple_entry_hall
D:6:      layout_rooms, old_standard_altar,
          chequers_temple_overflow_statue_of_worship, okawaru_altar_gauntlet_db,
          nicolae_uskayaw_en_pointe, mainiacjoe_ossuary_entry_dusty_tomb,
          serial_glass, glass_columns_b, glass_columns_a,
          minmay_strange_pillars, minmay_strange_pillars,
          minmay_strange_pillars, minmay_strange_pillars, minmay_fire_ice_demons
D:7:      layout_rooms, serial_shops, nicolae_stop_n_shop_2, nicolae_wand_duel,
          uniq_maggie, uniq_duvessa, uniq_pikel, uniq_prince_ribbit1
D:8:      kennysheep_seaside_town, layout_loops_corners,
          mainiacjoe_overflow_catwalk, mainiacjoe_overflow_six_doors_small,
          minmay_misc_feat_secret_circle, minmay_misc_feat_plants,
          roadster_trireme, uniq_psyche
Temple:   nicolae_temple_cloud_nine

Skill      XL: |  1  2  3  4  5  6  7  8  9 10 11 |
---------------+----------------------------------+-----
Fighting       | 2 3 4 5 7 |  7.8
Unarmed Combat | 4 5 6 8 9 10 | 10.4
Shapeshifting  | 4 5 6 8 9 10 | 10.0
Armour         | 1 4 5 |  5.0
Evocations     | 3 5 |  5.0
Dodging        | 2 |  2.0

Action                     |  1- 3 |  4- 6 |  7- 9 | 10-12 || total
---------------------------+-------+-------+-------+-------++-------
  Melee: Unarmed           |    98 |   140 |       |       ||   238
         Punch             |     3 |     3 |     8 |    10 ||    24
         Hand axe          |       |    24 |   189 |   185 ||   398
Ability: Dig               |       |     1 |     1 |     2 ||     4
  Evoke: Wand              |       |       |       |    12 ||    12
    Use: Scroll            |       |     3 |     4 |     2 ||     9
         Potion            |       |       |     5 |     2 ||     7
   Stab: Sleeping          |     1 |     1 |       |       ||     2
 Armour: Animal skin       |    15 |       |       |       ||    15
         Leather armour    |    26 |    32 |       |       ||    58
         Ring mail         |       |    48 |   188 |   142 ||   378
         Skin              |       |       |    13 |     1 ||    14
  Dodge: Dodged            |    46 |    74 |   134 |   103 ||   357
   Form: Beast             |       |       |     1 |       ||     1
         Maw               |       |       |     1 |       ||     1

Table legend: (Time is in decaauts)
 A = Elapsed time spent in this place.
 B = Non-inter-level travel time spent in this place.
 C = Inter-level travel time spent in this place.
 D = Time resting spent in this place.
 E = Time spent auto-exploring this place.
 F = Levels seen in this place.
 G = Mean time per level.
                   A        B        C        D        E       F      G
               +--------+--------+--------+--------+--------+-----+--------+
         Total |   8888 |   8514 |    374 |    250 |   6429 |  10 |  888.8 |
       Dungeon |   8545 |   8171 |    374 |    250 |   6192 |   8 | 1068.1 |
        Temple |      1 |      1 |      0 |      0 |      0 |   1 |    1.0 |
       Ossuary |    341 |    341 |      0 |      0 |    237 |   1 |  341.0 |
               +--------+--------+--------+--------+--------+-----+--------+

Top non-repeatable levels by time:
     D:8: 2074 daAuts
     D:6: 1384 daAuts
     D:3: 1116 daAuts
     D:1: 968 daAuts
     D:5: 824 daAuts
     D:4: 802 daAuts
     D:7: 759 daAuts
     D:2: 615 daAuts
 Ossuary: 341 daAuts
  Temple: 1 daAuts
